 Dungeon Crawl Stone Soup version 0.19.4 (console) character file.

1096355 Grinner the Skullcrusher (level 27, -11/336 (338) HPs)
             Began as an Ogre Monk on Jan 31, 2017.
             Was the Champion of the Shining One.
             Mangled by a jiangshi (14 damage)
             ... summoned by a mummy priest
             ... on level 2 of the Tomb of the Ancients on Feb 1, 2017.
             The game lasted 07:29:21 (81282 turns).

Grinner the Skullcrusher (Ogre Monk)               Turns: 81282, Time: 07:29:23

HP:   -11/336 (338) AC: 44    Str: 44    XL:     27
MP:   7/38          EV: 18    Int:  9    God:    the Shining One [******]
Gold: 11388         SH:  0    Dex: 20    Spells: 1 memorised, 48 levels left

rFire  + + +     SeeInvis +     a - +9 giant spiked club (holy)
rCold  + . .     Gourm    .     j - +9 armour of the Dragon King {rPois rF+ rC+ MR+}
rNeg   + + +     Faith    .     (shield currently unavailable)
rPois  +         Spirit   .     W - +1 hat of Patterns {*Drain Str+9 Dex-3 Slay+6}
rElec  +         Reflect  .     v - +1 cloak "Uckijarph" {*Contam rPois rN+ Dex+6}
rCorr  .         Harm     .     (gloves unavailable)
MR     ++++.                    (boots unavailable)
Stlth  ..........               S - amulet of Vitality {Regen+ HP+15}
                                k - ring of Plog {rElec rPois rF+ Dex+3 SInv}
                                m - ring "Jukuucs" {rPois rF+ rN+ MR+ Slay+3}

@: lethally poisoned (-11 -> -16), about to teleport, slowed, glowing, very slow
A: unfitting armour, molten scales 1, thin metallic scales 1, thin skeletal
structure 1, blurry vision 1, electricity resistance, strong 1, tough skin 1,
wild magic 1
a: Divine Shield, Cleansing Flame, Summon Divine Warrior, Renounce Religion
}: 9/15 runes: decaying, slimy, silver, iron, obsidian, icy, bone, abyssal,
gossamer


You were on level 2 of the Tomb of the Ancients.
You worshipped the Shining One.
The Shining One was exalted by your worship.
You were not hungry.

You visited 18 branches of the dungeon, and saw 89 of its levels.
You visited the Abyss 3 times.
You visited 1 ziggurat, and saw 16 of its levels.
You also visited: Ice Cave and Wizlab.

You collected 14883 gold pieces.
You spent 3495 gold pieces at shops.

Inventory:

Hand Weapons
 a - a +9 giant spiked club of holy wrath (weapon)
 b - the +7 great mace "Undeadhunter" {disrupt, rN+}
   (Okawaru gifted it to you on level 3 of the Vaults)

   It protects you from negative energy.
 c - the +1 giant spiked club of the Middle {freeze, -Tele rElec rF- Stlth+}
   (You acquired it on level 1 of the Vaults)

   It has been specially enchanted to freeze those struck by it, causing extra
   injury to most foes and up to half again as much damage against particularly
   susceptible opponents.
   It can also slow down cold-blooded creatures.
   It makes you vulnerable to fire.
   It insulates you from electricity.
   It prevents most forms of teleportation.
   It makes you more stealthy.
 G - a +7 giant spiked club of freezing
Missiles
 N - 85 large rocks (quivered)
Armour
 j - the +9 armour of the Dragon King (worn) {rPois rF+ rC+ MR+}
   (You took it off a deep elf high priest on level 3 of the Elven Halls)

   It protects you from fire.
   It protects you from cold.
   It protects you from poison.
   It affects your resistance to hostile enchantments.
 v - the +1 cloak "Uckijarph" (worn) {*Contam rPois rN+ Dex+6}
   (Okawaru gifted it to you on level 6 of the Lair of Beasts)

   It affects your dexterity (+6).
   It protects you from poison.
   It protects you from negative energy.
   It causes magical contamination when unequipped.
 W - the +1 hat of Patterns (worn) {*Drain Str+9 Dex-3 Slay+6}
   (Okawaru gifted it to you on level 3 of the Crypt)

   It affects your strength (+9).
   It affects your dexterity (-3).
   It affects your accuracy and damage with ranged weapons and melee attacks
   (+6).
   It causes draining when unequipped.
Rods
 e - a +9 rod of shadows (17/17)
   (You found it on level 3 of the Elven Halls)
 i - a +4 rod of ignition (13/13)
   (You found it on level 9 of a ziggurat)
 J - a +4 rod of inaccuracy (11/11)
   (You bought it in a shop on level 5 of the Depths)
 X - a +9 iron rod (17/17)
   (You found it on level 6 of the Lair of Beasts)
Jewellery
 d - the ring of Cixuaz {*Tele +Blink rC++}
   (You found it on level 7 of Tartarus)

   [ring of teleportation]

   It may teleport you next to monsters.
   It greatly protects you from cold.
   It lets you blink.
 k - the ring of Plog (right hand) {rElec rPois rF+ Dex+3 SInv}
   (You bought it in a shop on level 3 of the Vaults)

   [ring of protection from fire]

   It affects your dexterity (+3).
   It protects you from fire.
   It insulates you from electricity.
   It protects you from poison.
   It lets you see invisible.
 m - the ring "Jukuucs" (left hand) {rPois rF+ rN+ MR+ Slay+3}
   (You acquired it on level 5 of the Vaults)

   [ring of protection from fire]

   It affects your accuracy and damage with ranged weapons and melee attacks
   (+3).
   It protects you from fire.
   It protects you from poison.
   It protects you from negative energy.
   It affects your resistance to hostile enchantments.
 n - the amulet "Puosipev" {Harm *Drain +Blink}
   (You took it off Dispater on level 7 of the Iron City of Dis)

   [amulet of harm]

   It increases damage dealt and taken.
   It lets you blink.
   It causes draining when unequipped.
 q - the ring "Naavec" {rElec rF+ MP+9 Dex+4 Stlth+}
   (You found it on level 7 of Tartarus)

   [ring of magical power]

   It affects your dexterity (+4).
   It protects you from fire.
   It insulates you from electricity.
   It affects your magic capacity (+9).
   It makes you more stealthy.
 s - the ring "Huhe" {Ice rElec Str+4 Int+3 Dex-2}
   (You took it off a deep elf demonologist on level 5 of the Vaults)

   [ring of ice]

   It enhances your ice magic.
   It affects your strength (+4).
   It affects your intelligence (+3).
   It affects your dexterity (-2).
   It makes you vulnerable to fire.
   It protects you from cold.
   It insulates you from electricity.
 L - an uncursed ring of resist corrosion
 M - a +5 ring of evasion
 S - the amulet of Vitality (around neck) {Regen+ HP+15}
   (You found it on level 15 of a ziggurat)

   [amulet of regeneration]

   It affects your health (+15).
   It increases your rate of regeneration.
 Z - a +4 amulet of reflection
Wands
 f - a wand of disintegration (6/24)
 h - a wand of teleportation (0/9)
 A - a wand of digging (4/24)
 H - a wand of teleportation (6/9)
Scrolls
 g - 34 scrolls of remove curse
 u - a scroll of teleportation
 w - 10 scrolls of fear
 B - a scroll of summoning
 F - 7 scrolls of fog
 O - 13 scrolls of blinking
Potions
 l - 7 potions of curing
 p - 3 potions of resistance
 t - 3 potions of cure mutation
 z - 4 potions of might
 C - 9 potions of agility
 D - 3 potions of cancellation
 K - a potion of magic
 P - 4 potions of flight
 U - 6 potions of ambrosia
 Y - 6 potions of haste
Miscellaneous
 y - 10 boxes of beasts
 I - a phial of floods (inert)
 R - a fan of gales
 V - 7 phantom mirrors
Comestibles
 r - 19 beef jerkies
 x - 5 bread rations
 E - 10 royal jellies


   Skills:
 O Level 27 Fighting
 O Level 27 Maces & Flails
 O Level 27 Throwing
 * Level 26.8 Armour
 - Level 16.0 Dodging
 - Level 1.4 Stealth
 * Level 23.7 Unarmed Combat
 + Level 11.9 Spellcasting
 + Level 13.9 Invocations
 + Level 10.4 Evocations


You had 48 spell levels left.
You knew the following spells:

 Your Spells              Type           Power        Failure   Level  Hunger
z - Apportation           Tloc           #.........   56%         1    None


Dungeon Overview and Level Annotations

Branches:
Dungeon (15/15)            Temple (1/1) D:6            Lair (6/6) D:11
  Swamp (4/4) Lair:3       Spider (4/4) Lair:2        Slime (5/5) Lair:6
    Orc (2/2) D:10            Elf (3/3) Orc:2        Vaults (5/5) D:14
  Crypt (3/3) Vaults:3       Tomb (2/3) Crypt:3      Depths (5/5) D:15
   Hell (1/1)                 Dis (7/7) Hell            Geh (7/7) Hell
    Coc (7/7) Hell            Tar (7/7) Hell            Zot (5/5) Depths:5

Altars:
Ashenzari
Cheibriados
Dithmenos
Elyvilon
Fedhas
Gozag
Hepliaklqana
Kikubaaqudgha
Makhleb
Nemelex Xobeh
Okawaru
Qazlal
Ru
Sif Muna
Trog
Uskayaw
Vehumet
Xom
Yredelemnul
Zin
The Shining One
Beogh
Jiyva
Lugonu

Shops:
D:4 :   D:6 }   D:12 [   Orc:2 =*[(   Elf:1 ?   Elf:2 (   Vaults:2 ?[!
Vaults:3 *(=}[   Depths:5 }}=

Portals:
Hell: Depths:1 Depths:2 Depths:3 Depths:4 Depths:5
Abyss: Depths:4
Pandemonium: Depths:2 Depths:3

Annotations:
Tomb:2 Khufu
Dis:7 exclusion: 7 doors
Geh:7 exclusion: 4 doors
Tar:7 exclusion: 5 doors


Innate Abilities, Weirdness & Mutations

You are too large for most types of armour.
You have tough skin. (AC +1)
You are partially covered in molten scales. (AC +2)
You are partially covered in thin metallic scales. (AC +2)
You have a somewhat thin skeletal structure. (Dex +2, Stealth)
Scrolls take you a little longer to read.
You are resistant to electric shocks. (rElec)
Your muscles are strong. (Str +2)
Your spells are a little harder to cast, but a little more powerful.


Message History

The vile air hits the wight.
The golden flame engulfs you! You resist.
The golden flame engulfs the shadow wraith.
The shadow wraith writhes in agony!
You destroy the shadow wraith!
The golden flame engulfs the guardian mummy.
The guardian mummy writhes in agony!
The guardian mummy is almost destroyed.
The golden flame engulfs the wight.
The wight writhes in agony!
You destroy the wight!
The golden flame engulfs the jiangshi.
The jiangshi writhes in agony!
The jiangshi is lightly damaged.
The golden flame engulfs the golden dragon simulacrum.
The golden dragon simulacrum writhes in agony!
The golden dragon simulacrum is moderately damaged.
You feel somewhat more hungry.
You are engulfed in dark miasma.
* * * LOW HITPOINT WARNING * * *
x2 You feel very sick.
The jiangshi claws you!
You die...

,,,,,,,,,*,,,,,,#......^^#......#
,,,*********+##############.^...#
,,,*,,,,,,...?....$.......###'###
,,,*,,,,,,,...............#.....#
+***,,,,,,,,.......(......#.....#
,,,*,,,,,,,*#.....##2.%...#.....#
,,,*,,,,,,*##.s#..###.....#...^.#
,,,*,,,,,*##...#...###....#.....#
,,,*,,,,*##.....@/..###...#.....#
,,,*,,,,##......V§§..##.(.#^....#
,,,*,,,,..?(....M§ZM....(.'^.(..#
,,,*,,,,$......M.W(s§§..(.#######
,,,*,,,,.........§.8M§8.WM#^....#
+***,,,,.##......8MW##W..4#.....#
,,,*,,,,,*#.......§.##....#§(...#
,,,*,,,,,*#.......8M##....#s≈s[≈#
,,,*,,**,*#....M....##.##.#.≈≈≈.#


You could see a greater mummy, an emperor scorpion, a mummy priest, a jiangshi,
a shadow wraith (invisible), 2 guardian mummies, 4 ushabtiu, a wraith, a shadow
(invisible), 2 mummies and a golden dragon simulacrum.

Vanquished Creatures
  Asmodeus (Geh:7)
  the Royal Jelly (Slime:5)
  Dissolution (Slime:4)
  Ereshkigal (Tar:7)
  the Serpent of Hell (Geh:7)
  Dispater (Dis:7)
  8 orbs of fire (Zot:5)
  10 ancient liches
  A juggernaut (Abyss:3)
  15 greater mummies (Tomb:1)
  7 shard shrikes
  7 Killer Klowns
  3 curse toes
  Xtahua (Vaults:4)
  Geryon (Hell)
  Saint Roka (Depths:2)
  10 golden dragons
  Jory (Vaults:3)
  9 iron giants
  20 Brimstone Fiends
  14 Tzitzimimeh
  12 bone dragons
  9 doom hounds
  4 electric golems
  12 tentacled monstrosities
  10 Hell Sentinels
  12 Ice Fiends
  13 liches
  24 Orb Guardians (Zot:5)
  7 deep elf blademasters
  Asterion (Vaults:3)
  5 deep elf master archers
  8 quicksilver dragons
  14 titans
  27 acid blobs
  3 tentacled starspawn
  11 death cobs
  An Executioner (Abyss:3)
  Frances (D:13)
  24 ancient champions
  12 sphinxes
  14 shadow dragons
  13 storm dragons
  4 eldritch tentacles
  7 nagarajas
  4 revenants
  3 thorn hunters
  9 draconian monks
  4 tengu reavers
  17 azure jellies
  30 fire giants
  17 vault wardens
  8 draconian knights
  8 emperor scorpions
  A draconian scorcher (Zig:12)
  22 frost giants
  10 deep elf sorcerers
  4 deep elf elementalists
  3 orc warlords
  12 balrugs
  A cacodemon (Hell)
  2 juggernaut zombies
  9 ghost moths
  3 caustic shrike zombies
  16 iron dragons
  10 draconian zealots
  6 caustic shrike skeletons (Crypt:3)
  8 draconian shifters
  14 ironheart preservers
  A juggernaut skeleton (Zig:15)
  2 ophanim (Abyss:3)
  3 curse skulls
  3 draconian annihilators
  71 reapers
  3 spriggan defenders (Depths:4)
  2 angels (Abyss:3)
  2 elemental wellsprings (Coc:7)
  21 very ugly things
  32 stone giants
  6 war gargoyles
  5 ghouls (Crypt:2)
  4 draconian callers
  8 deep elf demonologists
  3 entropy weavers
  6 green draconians
  9 vampire knights
  16 black draconians
  A lorocyproca (Zig:13)
  13 red draconians
  A mottled draconian (Zot:5)
  11 white draconians
  8 deep elf annihilators
  6 spark wasps
  13 yellow draconians
  6 blizzard demons
  15 purple draconians
  The ghost of sweetandcool the Fetichist, a journeyman SpAr of Nemelex Xobeh (D:15)
  6 eidola
  5 green deaths
  16 deep elf death magi
  10 ettins
  4 quicksilver dragon zombies
  18 fire dragons
  A crystal guardian (Vaults:4)
  10 jiangshi
  6 mummy priests (Tomb:1)
  10 death oozes
  5 merfolk impalers
  15 ogre magi
  Josephine (D:13)
  22 yaktaur captains
  A kraken zombie (Hell)
  2 naga warriors
  6 deep elf high priests
  32 ice dragons
  Fannar (Orc:1)
  A monstrous demonspawn (Depths:3)
  20 hydras
  16 great orbs of eyes
  2 quicksilver dragon skeletons
  33 vault guards
  2 rakshasas
  5 catoblepae
  2 hell beasts
  An anaconda (shapeshifter) (Zig:16)
  2 anacondas
  2 queen ants (shapeshifter) (Depths:5)
  9 centaur warriors
  A ghost crab (Swamp:4)
  31 dancing weapons
  6 alligators
  12 deep troll earth magi
  5 spriggan air magi
  6 death knights
  25 death yaks
  A queen ant (Spider:4)
  Urug (D:15)
  12 deep troll shamans
  2 tengu warriors
  The ghost of vk65535 the Lord of Darkness, a novice DsNe of Kikubaaqudgha (Lair:1)
  34 death scarabs
  28 hell hogs
  8 shock serpents
  7 titan zombies
  4 orc high priests
  5 thrashing horrors
  10 vampire magi
  5 naga sharpshooters
  Nergalle (D:12)
  88 hell knights
  4 spriggan berserkers
  23 deep elf knights
  12 soul eaters
  3 iron golems
  A hellephant skeleton (Crypt:3)
  13 sun demons
  A salamander mystic (Zig:10)
  140 skeletal warriors
  2 wretched stars
  7 storm dragon zombies
  A spectral emperor scorpion (Spider:4)
  6 anaconda zombies
  46 deep trolls
  6 shadow wraiths
  2 cherubim (Abyss:3)
  17 iron trolls
  10 titan skeletons
  A spatial maelstrom (Abyss:3)
  15 shadow demons
  2 death drakes (shapeshifter)
  5 glowing orange brains
  9 swamp dragons
  2 spark wasp zombies
  3 storm dragon skeletons
  An unseen horror (shapeshifter) (Zig:13)
  4 wizards
  A glowing orange brain (shapeshifter) (D:14)
  3 shambling mangroves
  18 deep elf archers
  5 golden dragon zombies
  15 flayed ghosts
  4 unseen horrors
  10 hill giants
  3 spriggan druids
  3 shadow dragon zombies
  4 harpies (Vaults:2)
  3 naga ritualists
  6 golden dragon skeletons
  21 ironbrand convokers
  24 necromancers
  10 wolf spider zombies
  4 spectral wolf spiders (Spider:4)
  14 large abominations
  2 ghost moth zombies
  18 phantasmal warriors
  A swamp dragon (shapeshifter) (Zig:16)
  2 tengu zombies
  18 orb spiders
  An iron dragon zombie (Dis:5)
  3 mana vipers
  10 anaconda skeletons
  6 fire giant zombies
  A harpy (shapeshifter) (Zig:16)
  6 oklob plants
  15 orc knights
  9 shining eyes
  8 orc sorcerers
  38 ugly things
  2 sphinx zombies
  12 cyclopes
  8 shadow dragon skeletons
  49 deep elf magi
  4 salamanders
  18 moths of wrath
  2 fauns (shapeshifter)
  7 frost giant zombies
  39 wolf spiders
  6 stone giant zombies
  2 manticores
  9 frost giant skeletons
  A spriggan zombie (Depths:3)
  A titan simulacrum (Coc:4)
  3 iron dragon skeletons
  A moth of wrath (shapeshifter) (Zig:2)
  9 fire giant skeletons
  31 rust devils
  Maurice (D:8)
  11 elephants
  3 dire elephant zombies
  4 torpor snails
  2 guardian serpents (shapeshifter)
  2 smoke demons (Hell)
  6 ice statues
  7 molten gargoyles (Geh:7)
  19 black mambas
  An eye of devastation (shapeshifter) (Vaults:4)
  5 naga magi
  4 guardian serpents
  2 eyes of devastation
  5 spectral swamp worms (Depths:3)
  4 stone giant skeletons
  7 dire elephant skeletons
  A gargoyle (D:13)
  14 vault sentinels
  A grey draconian zombie (Crypt:2)
  18 spiny frogs
  A spiny frog (shapeshifter) (Vaults:1)
  3 shock serpent skeletons
  A black draconian zombie (Dis:7)
  3 catoblepas zombies
  A yellow draconian zombie (Crypt:3)
  A mottled draconian zombie (Dis:6)
  A kobold demonologist (Abyss:4)
  3 rime drakes
  20 demonic crawlers
  An anaconda simulacrum (Coc:2)
  67 ice devils
  A komodo dragon (shapeshifter) (Depths:3)
  44 yaktaurs
  46 tormentors
  8 efreet
  2 redback zombies (Spider:4)
  24 freezing wraiths
  29 hellions
  3 spectral redbacks (Spider:4)
  5 emperor scorpion zombies
  A golden dragon simulacrum (Depths:2)
  12 guardian mummies
  3 ancient zymes
  2 catoblepas skeletons
  A sea snake skeleton (Crypt:1)
  A black draconian skeleton (Crypt:2)
  31 jumping spiders
  4 small abominations
  22 hydra zombies
  2 jumping spiders (shapeshifter)
  A queen bee (Spider:4)
  A queen bee (shapeshifter) (Zig:16)
  10 komodo dragons
  4 silent spectres
  3 tyrant leeches
  23 red devils
  A minotaur zombie (Geh:7)
  9 trolls
  4 harpy zombies
  A polar bear (shapeshifter) (Vaults:2)
  A meliai (shapeshifter) (Depths:1)
  21 two-headed ogres
  7 hydra skeletons
  A polar bear (Lair:6)
  5 raiju
  3 meliai (Spider:4)
  35 hornets
  A tarantella zombie (Spider:4)
  Grinder (D:4)
  A raiju (shapeshifter) (Depths:4)
  A sphinx simulacrum (Depths:2)
  9 alligator zombies
  3 jumping spider zombies (Spider:4)
  3 spectral tarantellas (Spider:4)
  3 fire dragon zombies
  A harpy skeleton (Crypt:3)
  5 ice dragon zombies
  The ghost of morik the Grave Robber, an amateur DsNe (D:4)
  6 dream sheep (Lair:6)
  A shadow dragon simulacrum (Coc:4)
  65 slime creatures
  2 spectral jumping spiders (Spider:4)
  An iron dragon simulacrum (Hell)
  5 bog bodies
  7 blink frogs
  6 ettin zombies
  14 hippogriffs
  2 black mamba zombies
  3 air elementals (Depths:4)
  A stone giant simulacrum (Depths:2)
  78 redbacks
  2 alligator skeletons
  5 ettin skeletons
  4 fire dragon skeletons
  91 flying skulls
  2 ice dragon skeletons
  A spriggan (shapeshifter) (Vaults:4)
  35 wraiths
  24 shadows
  A ynoxinul (Zig:13)
  42 yaks
  3 hill giant zombies (WizLab)
  2 hogs (Swamp:4)
  5 ushabtiu
  31 tarantellas
  A wyvern (D:13)
  26 spriggans
  26 fire elementals
  4 fire bats (Geh:3)
  4 vampires
  3 black mamba skeletons
  3 golden eyes (Slime:5)
  3 hungry ghosts
  A steam dragon (D:13)
  23 water elementals
  2 neqoxecs
  8 basilisks
  3 basilisks (shapeshifter)
  A chaos spawn (Zig:13)
  2 mottled dragons
  A spatial vortex (Geh:2)
  33 vampire mosquitoes
  A yaktaur simulacrum (Vaults:1)
  9 insubstantial wisps (Swamp:3)
  Menkaure (D:4)
  A faun zombie (Crypt:3)
  17 swamp worms
  A monstrous demonspawn zombie (Crypt:1)
  2 nagas
  A hydra simulacrum (Coc:7)
  10 soldier ants
  6 wargs
  54 hell hounds
  A water moccasin (shapeshifter) (Vaults:2)
  A gelid demonspawn zombie (Dis:6)
  A merfolk zombie (Geh:3)
  4 floating eyes
  9 water moccasins
  12 porcupines
  2 spectral hornets (Spider:4)
  8 spiny frog zombies
  13 swamp drakes
  50 orc warriors
  11 ice beasts
  A sky beast (shapeshifter) (Vaults:1)
  3 black bears
  A snapping turtle zombie (Dis:6)
  A manticore zombie (Tomb:1)
  3 spiny frog skeletons
  An ettin simulacrum (Coc:2)
  9 eyes of draining
  4 swamp dragon zombies
  2 hornet zombies
  4 sky beasts
  8 boggarts
  An alligator simulacrum (Hell)
  64 ogres
  8 phantoms
  22 necrophages
  18 centaurs
  2 manticore skeletons
  3 swamp dragon skeletons
  15 crocodiles
  A komodo dragon zombie (Crypt:3)
  2 snapping turtle skeletons
  3 big kobolds (Abyss:4)
  3 elf zombies
  A rime drake skeleton (Crypt:3)
  16 bullfrogs
  A draconian zombie (Crypt:1)
  An elf skeleton (Geh:6)
  A komodo dragon skeleton (Crypt:2)
  A spiny frog simulacrum (Coc:7)
  2 water moccasin zombies
  A wyvern zombie (D:11)
  2 earth elementals
  A cyclops skeleton (Crypt:2)
  2 hell hound skeletons (Crypt:1)
  7 troll zombies (WizLab)
  3 scorpions
  16 killer bees (Spider:4)
  89 wights
  An electric eel (Spider:2)
  3 spriggan skeletons
  A wolf zombie (Crypt:1)
  17 crimson imps
  A troll skeleton (Tar:7)
  2 bullfrog zombies
  A howler monkey (D:5)
  6 centaur zombies
  25 orc priests
  34 starcursed masses
  A draconian simulacrum (IceCv)
  18 jellies
  7 centaur skeletons
  4 hounds
  A gnoll shaman (Orc:1)
  2 human skeletons
  3 human zombies
  20 iron imps
  2 bullfrog skeletons
  9 iguanas
  22 orc wizards
  32 worker ants
  5 hell rats (Lair:6)
  A spriggan simulacrum (IceCv)
  3 troll simulacra (IceCv)
  A killer bee zombie (D:8)
  2 naga zombies
  5 ogre zombies (WizLab)
  2 ogre skeletons
  A tengu skeleton (Coc:7)
  A hound skeleton (D:6)
  25 mummies
  A hell rat zombie (Crypt:2)
  A howler monkey zombie (D:11)
  4 worker ant zombies
  9 gnolls
  2 howler monkey skeletons
  An ogre simulacrum (IceCv)
  A steam dragon zombie (Crypt:3)
  11 adders
  4 naga simulacra (IceCv)
  14 shadow imps
  24 white imps
  3 adder skeletons
  An iguana skeleton (Crypt:2)
  3 worms
  A worm (shapeshifter) (Vaults:1)
  3 dart slugs
  4 leopard geckos
  125 orcs
  A ball python (D:5)
  5 bats
  3 giant cockroaches
  5 goblins
  5 hobgoblins
  2 jackals (D:1)
  6 kobolds
  5 quokkas
  A ball python zombie (Crypt:3)
  4 frilled lizards
  A frilled lizard zombie (Crypt:3)
  A gnoll skeleton (Crypt:3)
  2 jackal skeletons
  A kobold zombie (Geh:7)
  A leopard gecko skeleton (D:4)
  3 orc skeletons
  An orc zombie (Dis:7)
  A quokka zombie (D:9)
  8 rats
  A briar patch (Swamp:4)
  A bush (D:11)
  2 crawling corpses (Elf:3)
  3 plants
  5 starspawn tentacles
  3 tentacles (Hell)
4521 creatures vanquished.

Vanquished Creatures (collateral kills)
  Antaeus (Coc:7)
  4 shard shrikes (Coc:7)
  2 Tzitzimimeh (Zig:15)
  2 iron giants (Dis:7)
  2 Ice Fiends (Coc:7)
  A lich (Tar:7)
  A sphinx (Zig:16)
  2 ancient champions (Dis:7)
  A tentacled starspawn (Zig:13)
  A shadow dragon (Zig:15)
  3 iron dragons
  2 vault wardens (Vaults:5)
  A cacodemon (Dis:7)
  5 reapers
  An elemental wellspring (Coc:7)
  A very ugly thing (Vaults:5)
  A blizzard demon (Coc:7)
  A mummy priest (Tomb:2)
  A hell beast (Dis:3)
  A yaktaur captain (Vaults:5)
  2 ice dragons (Coc:7)
  A death scarab (Tomb:2)
  A shock serpent (Zig:8)
  A sun demon (Geh:7)
  A hell hog (Dis:3)
  A golden dragon zombie (Dis:7)
  A storm dragon skeleton (Coc:7)
  A spatial maelstrom (Zig:13)
  7 skeletal warriors
  An iron troll (Dis:7)
  An anaconda zombie (Coc:7)
  An anaconda skeleton (Coc:7)
  A phantasmal warrior (Zig:15)
  A large abomination (Zig:13)
  An ironbrand convoker (Zig:16)
  An orc knight (Zig:16)
  A frost giant zombie (Dis:3)
  A stone giant zombie (Dis:2)
  2 rust devils (Zig:14)
  An ice statue (Coc:7)
  A naga mage (Zig:11)
  3 orange demons (Hell)
  A rime drake (shapeshifter) (Zig:16)
  A freezing wraith (Coc:7)
  2 hydra zombies
  7 ice devils
  A silent spectre (Zig:15)
  2 ancient zymes (Zig:13)
  A harpy zombie (Dis:7)
  5 red devils
  A hydra skeleton (Coc:7)
  An ice dragon zombie (Dis:7)
  A fire giant simulacrum (Coc:7)
  An ettin zombie (Dis:7)
  A shadow (Zig:15)
  4 water elementals (Coc:7)
  A flying skull (Zig:15)
  2 wraiths
  A hell hound (Dis:2)
  A snapping turtle zombie (Dis:7)
  A manticore zombie (Coc:7)
  A necrophage (Zig:15)
  6 wights
  5 iron imps
  A mummy (Dis:2)
  2 shadow imps (Zig:15)
  A starspawn tentacle (Zig:13)
117 creatures vanquished.

Vanquished Creatures (others)
  Kirke (Swamp:4)
  A draconian scorcher (Zig:12)
  A yaktaur captain (Vaults:5)
  3 hydras (Swamp:4)
  6 death scarabs (Tomb:2)
  A spriggan druid (Swamp:4)
  A deep elf mage (Elf:2)
  An ironbrand convoker (Zig:16)
  A moth of wrath (Zot:5)
  A smoke demon (Hell)
  A redback zombie (Spider:4)
  A guardian mummy (Tomb:1)
  A red devil (Hell)
  A jumping spider (Spider:4)
  2 two-headed ogres (Vaults:5)
  A wraith (Zig:14)
  A fire elemental (Geh:5)
  2 humans (Swamp:4)
  3 swamp drakes (Swamp:4)
  An eye of draining (Zig:13)
  A centaur (Vaults:3)
  3 wights (Geh:3)
  An orc priest (Orc:2)
  A mummy (Tomb:2)
  2 white imps (Coc:7)
  A ball python (D:2)
  2 briar patches (Swamp:4)
  10 fungi
  5 plants
  14 starspawn tentacles
  A tentacle (Hell)
72 creatures vanquished.

Grand Total: 4710 creatures vanquished

Notes
Turn   | Place    | Note
-------+----------+-------------------------------------------
     0 | D:1      | Grinner the Ogre Monk began the quest for the Orb.
     0 | D:1      | Reached XP level 1. HP: 24/24 MP: 1/1
   173 | D:1      | Reached XP level 2. HP: 32/33 MP: 2/2
   505 | D:1      | Reached XP level 3. HP: 35/40 MP: 3/3
  1052 | D:2      | Reached skill level 5 in Maces & Flails
  1532 | D:3      | Reached skill level 5 in Fighting
  1547 | D:3      | Reached XP level 4. HP: 17/50 MP: 4/4
  1806 | D:3      | Found a bloodstained altar of Trog.
  2532 | D:4      | Found Apufecza's Book Emporium.
  2532 | D:4      | Found a snail-covered altar of Cheibriados.
  2587 | D:4      | Noticed Grinder
  2591 | D:4      | Gained mutation: Your body sometimes deteriorates upon taking damage. [potion of mutation]
  2591 | D:4      | Gained mutation: Your mind is acute. (Int +2) [potion of mutation]
  2591 | D:4      | Gained mutation: You have a pair of small horns on your head. [potion of mutation]
  2593 | D:4      | Noticed Menkaure
  2665 | D:4      | Reached XP level 5. HP: 53/59 MP: 5/5
  2829 | D:3      | Reached skill level 1 in Armour
  2829 | D:3      | Reached XP level 6. HP: 48/68 MP: 6/6
  2941 | D:4      | Found a white marble altar of Elyvilon.
  3071 | D:4      | Noticed morik's ghost (amateur DsNe)
  3087 | D:4      | Killed morik's ghost
  3087 | D:4      | Reached XP level 7. HP: 52/78 MP: 7/7
  3652 | D:4      | Killed Menkaure
  3652 | D:4      | Reached XP level 8. HP: 84/89 MP: 8/8
  3783 | D:4      | Found a shattered altar of Ashenzari.
  3838 | D:4      | Killed Grinder
  4016 | D:5      | Entered Level 5 of the Dungeon
  4159 | D:5      | Found a white marble altar of Elyvilon.
  4492 | D:5      | Found a stormy altar of Qazlal.
  4556 | D:5      | Found an opulent altar of Gozag.
  4955 | D:6      | Reached skill level 10 in Maces & Flails
  4974 | D:6      | Found Tovar's Gadget Shoppe.
  5158 | D:6      | Reached skill level 10 in Fighting
  5158 | D:6      | Reached XP level 9. HP: 101/101 MP: 9/9
  5344 | D:6      | Found a staircase to the Ecumenical Temple.
  5351 | Temple   | Entered the Ecumenical Temple
  5374 | Temple   | Became a worshipper of Warmaster Okawaru
  5374 | Temple   | Reached * piety under Okawaru
  5374 | Temple   | Reached ** piety under Okawaru
  5850 | D:7      | Found a shimmering altar of Xom.
  5912 | D:8      | Found an ancient bone altar of Kikubaaqudgha.
  5990 | D:8      | Noticed a two-headed ogre
  5997 | D:8      | Killed a two-headed ogre
  6017 | D:8      | Reached *** piety under Okawaru
  6241 | D:8      | Noticed Maurice
  6264 | D:8      | Killed Maurice
  6264 | D:8      | Reached XP level 10. HP: 112/115 MP: 10/10
  6450 | D:8      | Reached **** piety under Okawaru
  6450 | D:8      | Reached skill level 5 in Armour
  6970 | D:9      | Noticed a hill giant
  6978 | D:9      | Killed a hill giant
  7545 | D:10     | Entered Level 10 of the Dungeon
  7564 | D:10     | Noticed a hill giant
  7571 | D:10     | Killed a hill giant
  7571 | D:10     | Reached ***** piety under Okawaru
  7588 | D:10     | Noticed a hill giant
  7599 | D:10     | Killed a hill giant
  7599 | D:10     | Reached XP level 11. HP: 111/127 MP: 11/11
  7663 | D:10     | Found a staircase to the Orcish Mines.
  7670 | D:10     | Found a roughly hewn altar of Beogh.
  7769 | D:10     | Noticed a brown ugly thing
  7787 | D:10     | Killed a brown ugly thing
  7793 | D:10     | Received a gift from Okawaru
  7796 | D:10     | Got a steaming giant spiked club {god gift}
  7797 | D:10     | Identified the +5 giant spiked club of Nesoter {antimagic, -Tele rN++ Int+6} (Okawaru gifted it to you on level 10 of the Dungeon)
  9013 | D:11     | Gained mutation: Your flesh is heat resistant. (rF+) [potion of mutation]
  9013 | D:11     | Gained mutation: You evolve. [potion of mutation]
  9018 | D:11     | Found a staircase to the Lair.
  9026 | D:11     | Noticed a hill giant
  9034 | D:11     | Killed a hill giant
  9119 | D:11     | You fall through a shaft for 2 floors!
  9119 | D:13     | Noticed Frances
  9122 | D:13     | Noticed a soul eater
  9122 | D:13     | Noticed a soul eater
  9142 | D:13     | Killed Frances
  9142 | D:13     | Reached ****** piety under Okawaru
  9142 | D:13     | Reached skill level 15 in Maces & Flails
  9164 | D:13     | Noticed a manticore
  9171 | D:13     | Killed a manticore
  9171 | D:13     | Received a gift from Okawaru
  9171 | D:13     | Reached skill level 15 in Fighting
  9174 | D:13     | Got fine gold dragon scales {god gift}
  9203 | D:13     | Identified the +12 gold dragon scales of Oblivion {rPois rF+ rC+ Str+3} (Okawaru gifted it to you on level 13 of the Dungeon)
  9265 | D:13     | Gained mutation: You are surrounded by a mild repulsion field. (EV +2) [evolution]
  9425 | D:13     | Reached XP level 12. HP: 130/141 MP: 4/14
  9556 | D:13     | Noticed a spriggan rider
  9701 | D:13     | Noticed a spriggan rider
  9701 | D:13     | Noticed a centaur warrior
  9705 | D:13     | Killed a spriggan rider
  9717 | D:13     | Killed a centaur warrior
 10218 | D:13     | Noticed Josephine
 10225 | D:13     | Killed Josephine
 10267 | D:13     | Received a gift from Okawaru
 10328 | D:13     | Reached skill level 5 in Invocations
 10426 | D:13     | Reached XP level 13. HP: 149/154 MP: 5/16
 10807 | D:11     | Found a blossoming altar of Fedhas.
 10959 | Orc:1    | Entered Level 1 of the Orcish Mines
 10959 | Orc:1    | Noticed Fannar
 10972 | Orc:1    | Killed Fannar
 11112 | Orc:2    | Entered Level 2 of the Orcish Mines
 11112 | Orc:2    | Found Nuacimab's Antique Weapon Shoppe.
 11112 | Orc:2    | Noticed an orc warlord
 11445 | Orc:1    | Killed an orc warlord
 11445 | Orc:1    | Received a gift from Okawaru
 11724 | Orc:2    | Paralysed by an orc sorcerer for 4 turns
 11941 | Orc:2    | Received a gift from Okawaru
 12068 | Orc:2    | Gained mutation: You are partially covered in molten scales. (AC +2) [evolution]
 12368 | Orc:2    | Noticed an orc warlord
 12374 | Orc:2    | Killed an orc warlord
 12553 | Orc:2    | Reached XP level 14. HP: 31/169 MP: 4/19
 13511 | Orc:1    | Noticed an orc warlord
 13865 | Lair:1   | Entered Level 1 of the Lair of Beasts
 14101 | Lair:1   | Noticed vk65535's ghost (novice DsNe)
 14114 | Lair:1   | Killed vk65535's ghost
 14629 | Lair:2   | Found a frozen archway.
 14649 | IceCv    | Entered an ice cave
 15043 | IceCv    | Received a gift from Okawaru
 15076 | IceCv    | Got a slimy arbalest
 15077 | IceCv    | Identified the +7 arbalest "Zuirph" {penet, Dex+3} (You found it in an ice cave)
 15319 | Lair:2   | Received a gift from Okawaru
 15323 | Lair:2   | Got a transparent giant spiked club {god gift}
 15324 | Lair:2   | Identified the +6 giant spiked club "Otiqaiwk" {protect, rF+} (Okawaru gifted it to you on level 2 of the Lair of Beasts)
 15513 | Lair:2   | Found a hole to the Spider Nest.
 15514 | Lair:2   | Lost mutation: Your body sometimes deteriorates upon taking damage. [evolution]
 15514 | Lair:2   | Lost mutation: You evolve. [end of evolution]
 15820 | Lair:3   | Found a shimmering altar of Xom.
 16172 | Lair:3   | Found a staircase to the Swamp.
 16886 | Lair:4   | Received a gift from Okawaru
 16891 | Lair:4   | Got distressingly furry mottled dragon scales {god gift}
 16902 | Lair:4   | Identified the +1 mottled dragon scales of Muttered Phrases {rElec Str+9 Int-4 SInv} (Okawaru gifted it to you on level 4 of the Lair of Beasts)
 17014 | Lair:4   | Found a snail-covered altar of Cheibriados.
 17114 | Lair:4   | Reached XP level 15. HP: 160/180 MP: 21/21
 18388 | Lair:6   | Entered Level 6 of the Lair of Beasts
 18551 | Lair:6   | Received a gift from Okawaru
 18634 | Lair:6   | Received a gift from Okawaru
 18639 | Lair:6   | Got a dazzling cloak {god gift}
 18650 | Lair:6   | Identified the +1 cloak "Uckijarph" {*Contam rPois rN+ Dex+6} (Okawaru gifted it to you on level 6 of the Lair of Beasts)
 18903 | Lair:6   | Reached skill level 10 in Armour
 19084 | Lair:6   | Found a staircase to the Slime Pits.
 19179 | Lair:6   | Reached XP level 16. HP: 173/195 MP: 23/23
 19667 | Swamp:1  | Entered Level 1 of the Swamp
 20068 | Swamp:1  | Noticed a thorn hunter
 20076 | Swamp:1  | Killed a thorn hunter
 20076 | Swamp:1  | Reached skill level 10 in Invocations
 20394 | Swamp:2  | Received a gift from Okawaru
 20665 | Swamp:2  | Gained mutation: You possess an exceptional clarity of mind. [potion of mutation]
 20665 | Swamp:2  | Gained mutation: You are partially covered in thin metallic scales. (AC +2) [potion of mutation]
 20666 | Swamp:2  | Gained mutation: Your muscles are strong. (Str +2) [potion of mutation]
 20666 | Swamp:2  | Lost mutation: You have a pair of small horns on your head. [potion of mutation]
 21235 | Swamp:3  | Paralysed by a hornet for 3 turns
 21915 | Swamp:4  | Entered Level 4 of the Swamp
 21998 | Swamp:4  | Noticed Kirke
 22004 | Swamp:4  | Received a gift from Okawaru
 22017 | Swamp:4  | Killed Kirke
 22026 | Swamp:4  | Got a steaming longbow {god gift}
 22027 | Swamp:4  | Identified the +4 longbow "Virhal" {flame, *Slow rF+ Int+8 Dex-4} (Okawaru gifted it to you on level 4 of the Swamp)
 22122 | Swamp:4  | Noticed a thorn hunter
 22135 | Swamp:4  | Killed a thorn hunter
 22168 | Swamp:4  | Reached XP level 17. HP: 106/208 MP: 24/24
 22398 | Swamp:4  | Got a decaying rune of Zot
 22525 | Swamp:4  | Received a gift from Okawaru
 22529 | Swamp:4  | Got a steaming robe {god gift}
 22540 | Swamp:4  | Identified the +2 robe of Baypp {rElec Int-5 Dex+4} (Okawaru gifted it to you on level 4 of the Swamp)
 22727 | Swamp:4  | Paralysed by a hornet for 3 turns
 22913 | Spider:1 | Entered Level 1 of the Spider Nest
 23792 | Spider:2 | Paralysed by a hornet for 2 turns
 24084 | Spider:2 | Received a gift from Okawaru
 25138 | Spider:3 | Reached XP level 18. HP: 198/222 MP: 25/25
 25483 | Spider:4 | Entered Level 4 of the Spider Nest
 26722 | Spider:4 | Received a gift from Okawaru
 27332 | Spider:4 | Got a gossamer rune of Zot
 27488 | Lair:2   | Upgraded the game from 0.19.3-4-gbf9329e to 0.19.4
 27604 | Orc:2    | Found Suapsex's General Store.
 27622 | Orc:2    | Bought a scroll of blinking for 105 gold pieces
 27622 | Orc:2    | Bought a scroll of immolation for 49 gold pieces
 27622 | Orc:2    | Bought a potion of might for 56 gold pieces
 27622 | Orc:2    | Bought a scroll of teleportation for 42 gold pieces
 27622 | Orc:2    | Bought 2 potions of heal wounds for 140 gold pieces
 27689 | Orc:2    | Found a staircase to the Elven Halls.
 27690 | Orc:2    | Found Zorabul's Jewellery Emporium.
 27697 | Orc:2    | Bought an uncursed ring of flight for 210 gold pieces
 27716 | Orc:2    | Found Fyxeiz's Antique Armour Emporium.
 28269 | Orc:1    | Found a roughly hewn altar of Beogh.
 28493 | D:12     | Found Eduitil's Armour Boutique.
 28912 | D:12     | Noticed Nergalle
 28925 | D:12     | Killed Nergalle
 28925 | D:12     | Reached XP level 19. HP: 234/234 MP: 26/26
 29435 | D:14     | Found a shimmering altar of Xom.
 29486 | D:14     | Found a gate to the Vaults.
 29515 | Vaults:1 | Entered Level 1 of the Vaults
 29785 | Vaults:1 | Identified a scroll of acquirement
 29787 | Vaults:1 | Got a shimmering giant spiked club
 29788 | Vaults:1 | Identified the +1 giant spiked club of the Middle {freeze, -Tele rElec rF- Stlth+} (You acquired it on level 1 of the Vaults)
 30106 | Vaults:1 | Received a gift from Okawaru
 31056 | Vaults:2 | Identified the Catalogue of Vlad
 31182 | Vaults:2 | Found Mudutt's Magic Scroll Emporium.
 31189 | Vaults:2 | Bought a scroll of recharging for 133 gold pieces
 31189 | Vaults:2 | Bought a scroll of recharging for 133 gold pieces
 31189 | Vaults:2 | Bought a scroll of teleportation for 42 gold pieces
 31189 | Vaults:2 | Bought a scroll of fog for 28 gold pieces
 31189 | Vaults:2 | Bought a scroll of fear for 49 gold pieces
 31403 | Vaults:2 | Found Tanaro's Distillery.
 31409 | Vaults:2 | Received a gift from Okawaru
 31422 | Vaults:2 | Reached XP level 20. HP: 241/249 MP: 27/27
 31526 | Vaults:2 | Bought a potion of heal wounds for 90 gold pieces
 31526 | Vaults:2 | Bought a potion of heal wounds for 90 gold pieces
 31645 | Vaults:2 | Found Ikkador's Armour Shoppe.
 31972 | Vaults:2 | Received a gift from Okawaru
 32419 | Vaults:3 | Noticed Jory
 32435 | Vaults:3 | Killed Jory
 32727 | Vaults:3 | Found Jafuores's Assorted Antiques.
 32735 | Vaults:3 | Bought a tubular coral ring for 185 gold pieces
 32779 | Vaults:3 | Received a gift from Okawaru
 32976 | Vaults:3 | Found a staircase to the Crypt.
 32992 | Crypt:1  | Entered Level 1 of the Crypt
 33618 | Crypt:2  | Found a magical portal.
 33623 | WizLab   | Entered Zonguldrok's Shrine
 33792 | WizLab   | Received a gift from Okawaru
 33816 | WizLab   | Noticed an antique lich
 33824 | WizLab   | Killed an antique lich
 33824 | WizLab   | Received a gift from Okawaru
 34095 | Crypt:2  | Reached XP level 21. HP: 239/261 MP: 28/28
 34693 | Crypt:2  | Received a gift from Okawaru
 34711 | Crypt:2  | Got a fine giant club {god gift}
 34712 | Crypt:2  | Identified the +1 giant club "Zioguemn" {crush, rF+} (Okawaru gifted it to you on level 2 of the Crypt)
 34892 | Crypt:3  | Entered Level 3 of the Crypt
 34907 | Crypt:3  | Reached skill level 27 in Maces & Flails
 35076 | Crypt:3  | Reached skill level 1 in Throwing
 35096 | Crypt:3  | Found a staircase to the Tomb.
 35400 | Crypt:3  | Received a gift from Okawaru
 35405 | Crypt:3  | Identified the +1 hat of Patterns {*Drain Str+9 Dex-3 Slay+6} (Okawaru gifted it to you on level 3 of the Crypt)
 35591 | Crypt:3  | Reached skill level 27 in Fighting
 35746 | Crypt:3  | Noticed a bone dragon
 35750 | Crypt:3  | Killed a bone dragon
 35811 | Crypt:3  | Reached skill level 5 in Dodging
 35894 | Crypt:3  | Noticed a bone dragon
 35897 | Crypt:3  | Killed a bone dragon
 35967 | Crypt:3  | Reached skill level 5 in Throwing
 36130 | Crypt:3  | Noticed an ancient lich
 36136 | Crypt:3  | Killed an ancient lich
 36136 | Crypt:3  | Reached XP level 22. HP: 229/275 MP: 29/29
 36259 | Tomb:1   | Entered Level 1 of the Tomb of the Ancients
 36367 | Tomb:1   | Paralysed by a sphinx for 6 turns
 36485 | Tomb:1   | Received a gift from Okawaru
 36500 | Tomb:1   | Noticed a greater mummy
 36505 | Tomb:1   | Killed a greater mummy
 36554 | Tomb:1   | Identified the +2 hat "Yxkerrun" {rC+} (Okawaru gifted it to you on level 1 of the Tomb of the Ancients)
 37047 | Vaults:3 | Found Ykhaderr's Antique Weapon Emporium.
 37283 | Vaults:3 | Found Qutogg's Gadget Boutique.
 37444 | Vaults:3 | Found Lux Yxotz's Jewellery Shoppe.
 37451 | Vaults:3 | Noticed Asterion
 37460 | Vaults:3 | Killed Asterion
 37467 | Vaults:3 | Bought the ring of Plog {rElec rPois rF+ Dex+3 SInv} for 698 gold pieces
 37617 | Vaults:3 | Found Ehushry's Armour Shop.
 37948 | Vaults:4 | Reached skill level 15 in Armour
 37960 | Vaults:4 | Received a gift from Okawaru
 38652 | Vaults:4 | Noticed Xtahua
 38659 | Vaults:4 | Killed Xtahua
 38923 | Vaults:5 | Entered Level 5 of the Vaults
 38923 | Vaults:5 | Noticed a golden dragon
 38925 | Vaults:5 | Reached XP level 23. HP: 284/284 MP: 30/30
 38929 | Vaults:5 | Noticed an ancient lich
 38944 | Vaults:5 | Cast into level 4 of the Abyss (a deep elf sorcerer)
 38977 | Abyss:4  | Paralysed by accursed screaming for 1 turns
 38982 | Abyss:4  | Paralysed by accursed screaming for 2 turns
 39003 | Abyss:4  | Reached skill level 10 in Throwing
 39097 | Abyss:4  | Received a gift from Okawaru
 39102 | Vaults:5 | Escaped the Abyss
 39116 | Vaults:4 | Killed a golden dragon
 39119 | Vaults:4 | Reached skill level 10 in Dodging
 39281 | Vaults:5 | Received a gift from Okawaru
 39290 | Vaults:5 | Killed an ancient lich
 40374 | D:14     | Found a deep blue altar of Sif Muna.
 40687 | Temple   | Fell from the grace of Okawaru
 40687 | Temple   | Became a worshipper of the Shining One
 40876 | Elf:1    | Entered Level 1 of the Elven Halls
 41267 | Elf:1    | Found Maxumoam's Magic Scroll Emporium.
 41494 | Elf:1    | Reached * piety under the Shining One
 41520 | Elf:1    | Identified the Incunabulum of Evil
 42068 | Elf:2    | Found a huge runed gate.
 42068 | Elf:2    | Found a huge runed gate.
 42068 | Elf:2    | Found a huge runed gate.
 42268 | Elf:2    | Found an ancient bone altar of Kikubaaqudgha.
 42316 | Elf:2    | Found Qioqe's Weapon Emporium.
 42479 | Elf:2    | Reached XP level 24. HP: 295/295 MP: 30/30
 42819 | Elf:3    | Entered Level 3 of the Elven Halls
 43192 | Elf:3    | Identified a +3 rod of shadows (14/14) (You found it on level 3 of the Elven Halls)
 43285 | Elf:3    | Reached ** piety under the Shining One
 43929 | Elf:3    | Reached *** piety under the Shining One
 44059 | Elf:3    | Identified a +3 rod of shadows (12/13) (You took it off a deep elf high priest on level 3 of the Elven Halls)
 44212 | Elf:3    | Identified Jufoasch's Compendium of Ghastly Envenoming
 44288 | Elf:3    | Was forgiven by Okawaru
 44930 | Tomb:1   | Reached **** piety under the Shining One
 45109 | Tomb:1   | Noticed a greater mummy
 45111 | Tomb:1   | Noticed a greater mummy
 45116 | Tomb:1   | Killed a greater mummy
 45118 | Tomb:1   | Noticed a greater mummy
 45120 | Tomb:1   | Killed a greater mummy
 45124 | Tomb:1   | Killed a greater mummy
 45300 | Tomb:1   | Noticed a greater mummy
 45302 | Tomb:1   | Noticed a greater mummy
 45309 | Tomb:1   | Killed a greater mummy
 45312 | Tomb:1   | Killed a greater mummy
 45512 | Tomb:1   | Noticed a greater mummy
 45513 | Tomb:1   | Noticed a greater mummy
 45517 | Tomb:1   | Noticed a greater mummy
 45517 | Tomb:1   | Killed a greater mummy
 45521 | Tomb:1   | Killed a greater mummy
 45524 | Tomb:1   | Killed a greater mummy
 45524 | Tomb:1   | Reached XP level 25. HP: 192/304 MP: 30/30
 45527 | Tomb:1   | Noticed a greater mummy
 45538 | Tomb:1   | Killed a greater mummy
 45866 | Tomb:1   | Noticed a greater mummy
 45870 | Tomb:1   | Noticed a greater mummy
 45870 | Tomb:1   | Noticed a greater mummy
 45874 | Tomb:1   | Noticed a greater mummy
 45876 | Tomb:1   | Killed a greater mummy
 46552 | Slime:1  | Entered Level 1 of the Pits of Slime
 46628 | Slime:2  | Reached ***** piety under the Shining One
 46788 | Slime:1  | Gained mutation: Your body sometimes deteriorates upon taking damage. [a shining eye]
 46994 | Slime:4  | Noticed Dissolution
 46999 | Slime:4  | Killed Dissolution
 47049 | Slime:5  | Entered Level 5 of the Pits of Slime
 47123 | Slime:5  | Found a viscous altar of Jiyva.
 47184 | Slime:5  | Noticed the Royal Jelly
 47279 | Slime:5  | HP: 15/304 [acid[the Royal Jelly] (6)]
 47640 | Slime:5  | Killed the Royal Jelly
 48055 | Slime:5  | Got a slimy rune of Zot
 48108 | Slime:5  | Identified the Disquisition on Frigorific Feathers
 48149 | Slime:5  | Identified the Catalogue of Fetching Confrontation
 48977 | Vaults:5 | Reached skill level 15 in Throwing
 49320 | Vaults:5 | Reached XP level 26. HP: 144/314 MP: 23/30
 49379 | Vaults:5 | Gained mutation: Your natural rate of healing is unusually fast. [potion of beneficial mutation]
 49702 | Vaults:5 | Got a coiled copper ring
 49703 | Vaults:5 | Identified the ring "Jukuucs" {rPois rF+ rN+ MR+ Slay+3} (You acquired it on level 5 of the Vaults)
 49784 | Vaults:5 | Got a silver rune of Zot
 49948 | Vaults:5 | Got a crude ivory ring
 49949 | Vaults:5 | Identified the ring "Huhe" {Ice rElec Str+4 Int+3 Dex-2} (You took it off a deep elf demonologist on level 5 of the Vaults)
 50067 | Vaults:5 | Identified Udyanaph's Tome of Dark Stones
 50554 | Tomb:1   | Killed a greater mummy
 50554 | Tomb:1   | Reached skill level 15 in Dodging
 50940 | Tomb:2   | Noticed a greater mummy
 51012 | Tomb:2   | Noticed a greater mummy
 51027 | Tomb:2   | Noticed a greater mummy
 51028 | Tomb:2   | Noticed a greater mummy
 51515 | D:15     | Entered Level 15 of the Dungeon
 51566 | D:15     | Found a staircase to the Depths.
 51721 | D:15     | Noticed sweetandcool's ghost (journeyman SpAr)
 51728 | D:15     | Killed sweetandcool's ghost
 51965 | D:15     | Found a shattered altar of Ashenzari.
 52062 | D:15     | Noticed Urug
 52074 | D:15     | Killed Urug
 52247 | Depths:1 | Entered Level 1 of the Depths
 52338 | Depths:1 | Got a brightly glowing morningstar
 52339 | Depths:1 | Identified the +4 morningstar of Circularity {crush, Str+4 Int-3} (You found it on level 1 of the Depths)
 52519 | Depths:1 | Found a gateway to Hell.
 52959 | Depths:1 | Found an iron altar of Okawaru.
 53169 | Hell     | Entered the Vestibule of Hell
 53169 | Hell     | Noticed Geryon
 53169 | Hell     | Reached ****** piety under the Shining One
 53199 | Hell     | Identified a +9 giant spiked club of holy wrath (a +8 giant spiked club of flaming blessed by the Shining One)
 53199 | Hell     | Received a gift from the Shining One
 53203 | Hell     | Killed Geryon
 53441 | Hell     | Found a gateway to the ashen valley of Gehenna.
 53459 | Geh:1    | Entered Level 1 of Gehenna
 53459 | Geh:1    | Found a gateway to Hell.
 53618 | Geh:1    | Found a corrupted altar of Lugonu.
 53732 | Geh:1    | Reached skill level 1 in Unarmed Combat
 53739 | Geh:1    | Reached XP level 27. HP: 320/320 MP: 30/30
 54438 | Hell     | Found a gateway to the decaying netherworld of Tartarus.
 54466 | Hell     | Found a gateway to the freezing wastes of Cocytus.
 54573 | Hell     | Found a gateway to the Iron City of Dis.
 54888 | Depths:2 | Reached skill level 5 in Unarmed Combat
 55166 | Depths:2 | Cast into level 2 of the Abyss (hell knight)
 55265 | Abyss:3  | Found a corrupted altar of Lugonu.
 55308 | Abyss:3  | Gained mutation: Potions and wands are less effective at restoring your health. [a shining eye]
 55318 | Abyss:3  | Found a glowing golden altar of the Shining One.
 55367 | Abyss:3  | Noticed a juggernaut
 55374 | Abyss:3  | Killed a juggernaut
 55383 | Abyss:3  | Got an abyssal rune of Zot
 55441 | Abyss:3  | Found a glowing golden altar of the Shining One.
 55460 | Depths:2 | Escaped the Abyss
 55625 | Depths:2 | Noticed Saint Roka
 55638 | Depths:2 | Killed Saint Roka
 55969 | Depths:2 | Found a one-way gate leading to the halls of Pandemonium.
 57611 | Depths:3 | Paralysed by a floating eye for 3 turns
 57974 | Depths:4 | Identified the +6 shield "Ekits" {rN+} (You found it on level 4 of the Depths)
 58304 | Depths:4 | Found a one-way gate to the infinite horrors of the Abyss.
 58350 | Depths:4 | Paralysed by a floating eye for 4 turns
 58410 | Depths:4 | Reached skill level 10 in Unarmed Combat
 58649 | Depths:4 | Found a gateway to a ziggurat.
 58901 | Zig:1    | Entered Level 1 of a ziggurat
 58922 | Zig:2    | Entered Level 2 of a ziggurat
 58948 | Zig:3    | Entered Level 3 of a ziggurat
 58978 | Zig:4    | Entered Level 4 of a ziggurat
 59015 | Zig:4    | Got a vibrating amethyst amulet
 59016 | Zig:4    | Identified the amulet of the Forgotten Ghosts {RegenMP rPois Int+4 Dex+4} (You found it on level 4 of a ziggurat)
 59029 | Zig:4    | Got a scorched whip
 59030 | Zig:4    | Identified the +10 whip "Imiluen" {drain, Str+2} (You found it on level 4 of a ziggurat)
 59035 | Zig:5    | Entered Level 5 of a ziggurat
 59037 | Zig:5    | Gained mutation: Scrolls take you a little longer to read. [a shining eye]
 59043 | Zig:5    | Lost mutation: Your muscles are strong. (Str +2) [a shining eye]
 59052 | Zig:5    | Lost mutation: Your natural rate of healing is unusually fast. [a shining eye]
 59087 | Zig:6    | Entered Level 6 of a ziggurat
 59137 | Zig:7    | Entered Level 7 of a ziggurat
 59193 | Zig:7    | Identified Lowiv's Compendium of Icy Enchantment
 59205 | Zig:8    | Entered Level 8 of a ziggurat
 59499 | Zig:9    | Entered Level 9 of a ziggurat
 59504 | Zig:9    | Noticed an ancient lich
 59521 | Zig:9    | Killed an ancient lich
 59547 | Zig:9    | Identified a +4 rod of ignition (13/13) (You found it on level 9 of a ziggurat)
 59554 | Zig:9    | Identified the Reference Book on Creation and Attacks
 59565 | Zig:9    | Identified the cursed +0 flail of the Doomed Warrior {antimagic, MP-9 Str+2 Stlth+} (You found it on level 9 of a ziggurat)
 59861 | Zig:10   | Entered Level 10 of a ziggurat
 60119 | Zig:10   | Identified the Incunabulum of Creative Ice
 60123 | Zig:10   | Identified the ring of Gozag's Vengeance {rElec rN+ Dex+2} (You found it on level 10 of a ziggurat)
 60123 | Zig:10   | Identified the Incunabulum of Noxious Clay
 60174 | Zig:11   | Entered Level 11 of a ziggurat
 60507 | Zig:12   | Entered Level 12 of a ziggurat
 60891 | Zig:12   | Identified the ring "Temoalie" {Wiz rElec} (You found it on level 12 of a ziggurat)
 60892 | Zig:12   | Reached skill level 5 in Spellcasting
 60896 | Zig:12   | Identified the +9 executioner's axe of the Imperium {freeze, MP+9 Dex+5} (You found it on level 12 of a ziggurat)
 60903 | Zig:12   | Identified the ring of Hicvymie {MR+ Dex+2 SInv} (You found it on level 12 of a ziggurat)
 60908 | Zig:12   | Identified the ring "Hiolan" {Dex+7 Stlth+} (You found it on level 12 of a ziggurat)
 60949 | Zig:13   | Entered Level 13 of a ziggurat
 60966 | Zig:13   | Paralysed by accursed screaming for 1 turns
 60985 | Zig:13   | Paralysed by accursed screaming for 2 turns
 61612 | Zig:13   | Identified the Almanac of the Insatiable Realms
 61621 | Zig:13   | Identified the Reference Book on the Escort and the Volcanoes
 61635 | Zig:14   | Entered Level 14 of a ziggurat
 61818 | Zig:15   | Entered Level 15 of a ziggurat
 62279 | Zig:15   | Identified Addopuf's Volume of Captivating Dislocation
 62282 | Zig:15   | Learned a level 1 spell: Apportation
 62309 | Zig:15   | Identified a +4 rod of shadows (13/13) (You found it on level 15 of a ziggurat)
 62326 | Zig:16   | Entered Level 16 of a ziggurat
 62338 | Zig:16   | Noticed an ancient lich
 62351 | Zig:16   | Killed an ancient lich
 62493 | Zig:16   | Identified the Guide on Creative Stones
 62834 | Depths:5 | Entered Level 5 of the Depths
 62895 | Depths:5 | Found Syupun's Gadget Shop.
 62897 | Depths:5 | Found Zirel's Jewellery Emporium.
 62898 | Depths:5 | Found Kipinet's Gadget Shop.
 62907 | Depths:5 | Bought a +3 rod of inaccuracy (9/9) for 1445 gold pieces
 62991 | Depths:5 | Found a gate to the Realm of Zot.
 64052 | Depths:5 | Reached skill level 15 in Unarmed Combat
 64277 | Zot:1    | Entered Level 1 of the Realm of Zot
 65581 | Zot:2    | Noticed an ancient lich
 65635 | Zot:2    | Cast into level 5 of the Abyss (a Zot trap)
 65635 | Abyss:5  | Entered Level 5 of the Abyss
 65635 | Abyss:5  | Found a corrupted altar of Lugonu.
 65653 | Zot:2    | Escaped the Abyss
 65685 | Zot:2    | HP: 7/323 [ancient lich/iron shot (91)]
 65687 | Zot:2    | Killed an ancient lich
 66136 | Zot:2    | Found a stormy altar of Qazlal.
 67131 | Zot:5    | Entered Level 5 of the Realm of Zot
 67619 | Zot:5    | Noticed an ancient lich
 67631 | Zot:5    | Killed an ancient lich
 67698 | Zot:5    | Gained mutation: You are frail. (-10% HP) [potion of mutation]
 67699 | Zot:5    | Gained mutation: Armour fits poorly on your strangely shaped body. [potion of mutation]
 67700 | Zot:5    | Lost mutation: Armour fits poorly on your strangely shaped body. [potion of cure mutation]
 67700 | Zot:5    | Lost mutation: Your body sometimes deteriorates upon taking damage. [potion of cure mutation]
 67700 | Zot:5    | Lost mutation: You are frail. (-10% HP) [potion of cure mutation]
 67700 | Zot:5    | Lost mutation: Scrolls take you a little longer to read. [potion of cure mutation]
 67748 | Zot:5    | Noticed an orb of fire
 67750 | Zot:5    | Lost mutation: Your mind is acute. (Int +2) [an orb of fire]
 67755 | Zot:5    | Killed an orb of fire
 67789 | Zot:5    | Noticed an orb of fire
 67797 | Zot:5    | Killed an orb of fire
 67798 | Zot:5    | Noticed an orb of fire
 67798 | Zot:5    | Gained mutation: Scrolls take you a little longer to read. [an orb of fire]
 67798 | Zot:5    | Gained mutation: You are clumsy. (Dex -2) [an orb of fire]
 67801 | Zot:5    | Lost mutation: You possess an exceptional clarity of mind. [an orb of fire]
 67804 | Zot:5    | Killed an orb of fire
 67833 | Zot:5    | Noticed an orb of fire
 67844 | Zot:5    | Killed an orb of fire
 67964 | Zot:5    | Noticed an orb of fire
 67988 | Zot:5    | Gained mutation: Armour fits poorly on your strangely shaped body. [an orb of fire]
 67998 | Zot:5    | Killed an orb of fire
 68172 | Zot:5    | Noticed an orb of fire
 68180 | Zot:5    | Gained mutation: Scrolls take you longer to read. [an orb of fire]
 68181 | Zot:5    | Gained mutation: Your spells are a little easier to cast, but a little less powerful. [an orb of fire]
 68184 | Zot:5    | Killed an orb of fire
 68778 | Zot:5    | Paralysed by a Zot trap for 3 turns
 68786 | Zot:5    | Noticed an orb of fire
 68790 | Zot:5    | Killed an orb of fire
 68810 | Zot:5    | Noticed an orb of fire
 68812 | Zot:5    | Gained mutation: Your body sometimes deteriorates upon taking damage. [an orb of fire]
 68813 | Zot:5    | Lost mutation: Potions and wands are less effective at restoring your health. [an orb of fire]
 68820 | Zot:5    | Killed an orb of fire
 68823 | Zot:5    | Lost mutation: Scrolls take you longer to read. [potion of cure mutation]
 68823 | Zot:5    | Lost mutation: Your spells are a little easier to cast, but a little less powerful. [potion of cure mutation]
 68823 | Zot:5    | Lost mutation: You are clumsy. (Dex -2) [potion of cure mutation]
 68823 | Zot:5    | Lost mutation: Your body sometimes deteriorates upon taking damage. [potion of cure mutation]
 68823 | Zot:5    | Lost mutation: Armour fits poorly on your strangely shaped body. [potion of cure mutation]
 71137 | Geh:7    | Entered Level 7 of Gehenna
 71148 | Geh:7    | Lost mutation: You are surrounded by a mild repulsion field. (EV +2) [potion of cure mutation]
 71148 | Geh:7    | Lost mutation: Scrolls take you a little longer to read. [potion of cure mutation]
 71148 | Geh:7    | Lost mutation: You are partially covered in thin metallic scales. (AC +2) [potion of cure mutation]
 71604 | Geh:7    | Gained mutation: Armour fits poorly on your strangely shaped body. [mutagenic glow]
 71618 | Geh:7    | Lost mutation: Your flesh is heat resistant. (rF+) [potion of cure mutation]
 71618 | Geh:7    | Lost mutation: Armour fits poorly on your strangely shaped body. [potion of cure mutation]
 71795 | Geh:7    | Noticed the Serpent of Hell
 71801 | Geh:7    | Killed the Serpent of Hell
 71821 | Geh:7    | Gained mutation: You are dopey. (Int -2) [mutagenic glow]
 71953 | Geh:7    | Identified the Catalogue of Dislocated Shape Shifting
 72040 | Geh:7    | Noticed Asmodeus
 72063 | Geh:7    | Killed Asmodeus
 72110 | Geh:7    | Got an obsidian rune of Zot
 72804 | Slime:5  | Lost mutation: You are dopey. (Int -2) [potion of mutation]
 72804 | Slime:5  | Gained mutation: You are resistant to electric shocks. (rElec) [potion of mutation]
 72804 | Slime:5  | Gained mutation: Your muscles are strong. (Str +2) [potion of mutation]
 73221 | Vaults:1 | Gained mutation: You are partially covered in thin metallic scales. (AC +2) [potion of mutation]
 73221 | Vaults:1 | Gained mutation: Your spells are a little harder to cast, but a little more powerful. [potion of mutation]
 73221 | Vaults:1 | Gained mutation: You have a somewhat thin skeletal structure. (Dex +2, Stealth) [potion of mutation]
 73433 | Tar:1    | Entered Level 1 of Tartarus
 74507 | Tar:7    | Entered Level 7 of Tartarus
 75060 | Tar:7    | Got a vibrating lapis lazuli ring
 75061 | Tar:7    | Identified the ring "Naavec" {rElec rF+ MP+9 Dex+4 Stlth+} (You found it on level 7 of Tartarus)
 75081 | Tar:7    | Noticed an ancient lich
 75087 | Tar:7    | Killed an ancient lich
 75387 | Tar:7    | Identified the cursed +1 mace of the Lettuce {venom, Str+3 Int+2} (You found it on level 7 of Tartarus)
 75458 | Tar:7    | Got a wavering bone ring
 75459 | Tar:7    | Identified the ring "Zoshiont" {rF+ EV+2 Str+5 SInv} (You found it on level 7 of Tartarus)
 75483 | Tar:7    | Noticed an ancient lich
 75486 | Tar:7    | Killed an ancient lich
 75573 | Tar:7    | Got a translucent lead ring
 75579 | Tar:7    | Identified the ring of Cixuaz {*Tele +Blink rC++} (You found it on level 7 of Tartarus)
 75751 | Tar:7    | Noticed an ancient lich
 75756 | Tar:7    | Killed an ancient lich
 75802 | Tar:7    | Noticed Ereshkigal
 75819 | Tar:7    | Killed Ereshkigal
 75838 | Tar:7    | Got a bone rune of Zot
 76132 | Coc:1    | Entered Level 1 of Cocytus
 76429 | Coc:2    | Gained mutation: Scrolls take you a little longer to read. [mutagenic glow]
 76640 | Coc:4    | Reached skill level 27 in Throwing
 76829 | Coc:7    | Entered Level 7 of Cocytus
 77343 | Coc:7    | Noticed Antaeus
 77359 | Coc:7    | Killed Antaeus
 77392 | Coc:7    | Got a clouded amber ring
 77400 | Coc:7    | Got an icy rune of Zot
 77746 | Dis:1    | Entered Level 1 of the Iron City of Dis
 78714 | Dis:7    | Entered Level 7 of the Iron City of Dis
 78745 | Dis:7    | Reached skill level 10 in Spellcasting
 80229 | Dis:7    | Reached skill level 10 in Evocations
 80276 | Dis:7    | Noticed Dispater
 80533 | Dis:7    | Killed Dispater
 80537 | Dis:7    | Got a steaming copper amulet
 80540 | Dis:7    | Identified the amulet "Puosipev" {Harm *Drain +Blink} (You took it off Dispater on level 7 of the Iron City of Dis)
 80542 | Dis:7    | Identified the ring "Qugaoceg" {Ice *Slow rElec Int+3 Dex+3} (You found it on level 7 of Cocytus)
 80587 | Dis:7    | Identified the Compendium of Congealing Companions
 80591 | Dis:7    | Got an iron rune of Zot
 80964 | Tomb:1   | Noticed a greater mummy
 80969 | Tomb:1   | Killed a greater mummy
 80972 | Tomb:1   | Killed a greater mummy
 81136 | Tomb:1   | Noticed a greater mummy
 81146 | Tomb:1   | Killed a greater mummy
 81268 | Tomb:2   | Noticed a greater mummy
 81273 | Tomb:2   | Noticed Khufu
 81276 | Tomb:2   | Noticed a greater mummy
 81281 | Tomb:2   | HP: 10/336 [ushabti] (11)]
 81282 | Tomb:2   | HP: 4/336 [ushabti] (3)]
 81282 | Tomb:2   | Mangled by a jiangshi

Skill      XL: |  1  2  3  4  5  6  7  8  9 10 11 12 13 14 15 16 17 18 19 20 21 22 23 24 25 26 27 |
---------------+----------------------------------------------------------------------------------+-----
Maces & Flails | 5 6 7 8 10 12 13 15 16 18 19 20 21 23 24 25 26 27 | 27.0
Fighting       | 5 6 7 8 10 12 13 15 16 18 19 20 21 23 24 25 26 27 | 27.0
Armour         | 1 2 3 4 5 6 7 8 9 10 11 12 13 14 15 16 17 18 26 | 26.8
Invocations    | 2 5 6 8 9 10 13 | 13.9
Dodging        | 5 8 11 13 14 16 | 16.0
Throwing       | 5 9 11 13 15 16 27 | 27.0
Unarmed Combat | 1 23 | 23.7
Spellcasting   | 11 | 11.9
Evocations     | 10 | 10.4
Stealth        | |  1.4

Action                   |  1- 3 |  4- 6 |  7- 9 | 10-12 | 13-15 | 16-18 | 19-21 | 22-24 | 25-27 || total
-------------------------+-------+-------+-------+-------+-------+-------+-------+-------+-------++-------
Melee: Mace              |   109 |    99 |       |       |       |       |       |       |       ||   208
       Headbutt          |       |    13 |    53 |    93 |   242 |    39 |       |       |       ||   440
       Morningstar       |       |    25 |   268 |       |       |       |       |       |       ||   293
       Dire flail        |       |       |    45 |   253 |       |       |       |       |       ||   298
       Giant spiked club |       |       |       |   239 |   975 |  1422 |   700 |   979 |  4757 ||  9072
       Great mace        |       |       |       |       |       |       |   524 |   115 |    59 ||   698
       Unarmed           |       |       |       |       |       |       |       |       |    35 ||    35
       Punch             |       |       |       |       |       |       |       |       |     6 ||     6
Throw: Tomahawk          |       |     2 |     6 |     4 |       |       |       |       |       ||    12
       Large rock        |       |       |       |       |     6 |    25 |     4 |     5 |   219 ||   259
Invok: Heroism           |       |       |       |     3 |     7 |     7 |       |       |       ||    17
       Finesse           |       |       |       |       |     2 |     2 |       |       |       ||     4
       Cleansing Flame   |       |       |       |       |       |       |       |     1 |    40 ||    41
       Summon Divine War |       |       |       |       |       |       |       |       |    37 ||    37
       Brand Weapon With |       |       |       |       |       |       |       |       |     1 ||     1
       Divine Shield     |       |       |       |       |       |       |       |       |     3 ||     3
Evoke: Wand              |       |       |     2 |       |     1 |     2 |       |     4 |    22 ||    31
       Rod               |       |       |       |       |       |       |       |       |    10 ||    10
       Phial of floods   |       |       |       |       |       |       |       |       |     2 ||     2
       Lamp of fire      |       |       |       |       |       |       |       |       |     1 ||     1
  Use: Scroll            |     9 |     1 |     4 |     6 |     6 |     2 |    33 |    26 |    83 ||   170
       Potion            |       |     3 |       |     2 |     8 |     5 |     5 |    10 |    48 ||    81
 Stab: Sleeping          |     2 |       |     1 |       |       |       |       |       |       ||     3
       Invisible         |       |       |       |       |     2 |       |       |       |       ||     2
       Petrified         |       |       |       |       |     2 |       |       |       |       ||     2
       Distracted        |       |       |       |       |       |       |       |       |     1 ||     1
  Eat: Chunk             |     1 |     5 |    11 |    11 |    18 |     2 |     9 |    12 |    18 ||    87
       Fruit             |     1 |       |       |       |       |       |       |       |     2 ||     3
       Pizza             |       |       |     1 |       |     2 |     3 |       |     2 |     2 ||    10
       Bread ration      |       |       |       |     1 |       |       |       |       |    17 ||    18
       Royal jelly       |       |       |       |       |     3 |       |     1 |       |     1 ||     5
       Meat ration       |       |       |       |       |       |     6 |     3 |     3 |     7 ||    19
       Beef jerky        |       |       |       |       |       |       |       |       |     2 ||     2
Armor: Robe              |    19 |       |       |       |       |       |       |       |       ||    19
       Quicksilver drago |    37 |    72 |   122 |   131 |       |       |       |       |       ||   362
       Gold dragon scale |       |       |       |   132 |   958 |  2307 |   868 |   630 |  3322 ||  8217
Dodge: Dodged            |    65 |    73 |   144 |   175 |   313 |   927 |   375 |   803 |  3753 ||  6628
Block: Other             |       |       |       |       |       |       |       |       |   589 ||   589
       Reflection        |       |       |       |       |       |       |       |       |    24 ||    24
